 Dungeon Crawl Stone Soup version 0.25-a0-1007-g10a8c3caa8 (webtiles) character file.

Game seed: 15667744581089173295, levelgen mode: deterministic

12514 Flugslaktarn the Cleaver (level 11, -1/100 HPs)
             Began as a Deep Dwarf Fighter on May 11, 2020.
             Was a Priest of Makhleb.
             Succumbed to Sonja's poison
             ... on level 1 of the Lair of Beasts.
             The game lasted 00:05:25 (5833 turns).

Flugslaktarn the Cleaver (Deep Dwarf Fighter)       Turns: 5833, Time: 00:05:26

Health: -1/100     AC: 20    Str: 21    XL:     11   Next: 63%
Magic:  6/6        EV:  5    Int:  8    God:    Makhleb [***...]
Gold:   339        SH: 12    Dex: 15    Spells: 10/10 levels left

rFire    . . .     SeeInvis .   a - +0 war axe
rCold    . . .     Gourm    .   c - +0 kite shield
rNeg     . . .     Faith    .   y - +0 plate armour
rPois    .         Spirit   .   C - +2 helmet
rElec    .         Reflect  .   (no cloak)
rCorr    .         Harm     .   n - +0 pair of gloves
MR       +....                  l - +0 pair of boots
Stlth    ..........             (no amulet)
HPRegen  0.00/turn              (no ring)
MPRegen  0.10/turn              (no ring)

@: lethally poisoned (-1 -> -101), non-regenerating, slowed, very slow
A: damage resistance, heal wounds, sense surroundings 2, no regeneration
a: Heal Wounds, Minor Destruction, Lesser Servant of Makhleb, Renounce Religion


You were on level 1 of the Lair of Beasts.
You worshipped Makhleb.
Makhleb was most pleased with you.
You were not hungry.

You visited 3 branches of the dungeon, and saw 11 of its levels.

You collected 339 gold pieces.

Inventory:

Hand Weapons
 a - a +0 war axe (weapon)
Missiles
 j - a throwing net (quivered)
Armour
 c - a +0 kite shield (worn)
 l - a +0 pair of boots (worn)
   (You found it on level 2 of the Dungeon)
 n - a +0 pair of gloves (worn)
   (You found it on level 3 of the Dungeon)
 y - a +0 plate armour (worn)
   (You took it off an orc warrior on level 6 of the Dungeon)
 C - a +2 helmet (worn)
   (You found it on level 8 of the Dungeon)
Jewellery
 k - an uncursed ring of ice
   (You found it on level 4 of the Dungeon)
Wands
 p - a wand of iceblast (10)
   (You found it on level 4 of the Dungeon)
 v - a wand of acid (8)
   (You found it on level 8 of the Dungeon)
Scrolls
 b - a scroll of brand weapon
 m - a scroll of enchant armour
 q - a scroll of immolation
 r - 3 scrolls of identify
 s - 2 scrolls of fog
 t - 3 scrolls of teleportation
 w - a scroll of vulnerability {unknown}
 x - 3 scrolls of remove curse
 z - a scroll of blinking
 A - a scroll of noise {unknown}
Potions
 f - 2 potions of stabbing {unknown}
 h - a potion of haste
 i - 2 potions of ambrosia
 o - a potion of magic
 u - a potion of invisibility
 B - a potion of berserk rage {unknown}
Comestibles
 d - 5 chunks of flesh
 e - 3 rations


   Skills:
 + Level 7.6 Fighting
 * Level 12.1 Axes
 + Level 9.2 Armour
 + Level 9.1 Shields
 + Level 9.1 Invocations


You had 10 spell levels left.
You didn't know any spells.
Your spell library was empty.

Dungeon Overview and Level Annotations

Branches:
Dungeon (9/15)             Temple (1/1) D:5            Lair (1/6) D:8
    Orc (0/2) D:9

Altars:
Ashenzari
Cheibriados
Elyvilon
Fedhas
Gozag
Hepliaklqana
Kikubaaqudgha
Makhleb
Nemelex Xobeh
Okawaru
Qazlal
Ru
Sif Muna
Trog
Uskayaw
Vehumet
Wu Jian
Xom
Zin
The Shining One

Shops:
D:5 ?=(?   D:8 %

Annotations:
D:7 exclusion: door


Innate Abilities, Weirdness & Mutations

You are resistant to damage.
You can heal yourself by infusing magical energy.
You passively map the area around you.
You do not regenerate.


Message History

* * * LOW HITPOINT WARNING * * *
You feel extremely sick. You block Sonja's attack.
Sonja hits you but does no damage.
You are more poisoned.
Sonja barely misses you. Sonja completely misses you. You block Sonja's attack.
Sonja hits you but does no damage.
You are more poisoned.
Sonja barely misses you. Sonja hits you but does no damage.
You are more poisoned.
You block Sonja's attack.
Your hellwing misses Sonja.
Your hellwing closely misses Sonja.
Evoke which item? (* to show all) (? for menu, Esc to quit)
Aiming: Corrosive Bolt
Press: ? - help, Shift-Dir - straight line, f/p - Sonja
Aim: Sonja, wielding a +0 dagger of venom (heavily wounded, fast)
The bolt of acid hits Sonja!
Sonja is splashed with acid.
The acid corrodes Sonja!
You kill Sonja!
Makhleb accepts your kill.
You die...

, , * , ^ , .........# *, ,
,* #........# * ,
#........# , * ***
#...$....# **, ,* #,
#........#### ** .### , #.
##........... ,... * #P.
#....4†...... , ... ** #..
**#...@)...# * .> *,P.
#...###........# #..* *#. *
#.........(....# #..## #.
#..............# #...###.
#..####..###...#####....#.(
** , #..# ##...........)..
, * #..## #.............. ,
, , #..#.##...###..####.. ,
, ,.........## #..# #..


You could see a friendly hellwing (summoned).

Vanquished Creatures
  Erolcha (D:9)
  Fannar (Lair:1)
  Erica (D:9)
  3 death yaks (D:8)
  Urug (Lair:1)
  Sonja (Lair:1)
  Pikel (D:6)
  2 black mambas (Lair:1)
  Maggie (D:6)
  2 trolls (D:9)
  A hornet (D:9)
  2 hippogriffs
  A wyvern (D:9)
  Sigmund (D:6)
  3 hungry ghosts
  Edmund (D:6)
  7 orc warriors
  3 ice beasts
  2 sky beasts
  An ogre (D:7)
  2 phantoms (D:5)
  A slave (D:6)
  3 black bears
  4 centaurs
  3 bullfrogs
  3 killer bees (D:8)
  3 scorpions
  4 wights (D:8)
  2 howler monkeys
  4 crimson imps
  A bullfrog zombie (D:8)
  A quasit (D:7)
  A centaur skeleton (D:4)
  4 hounds
  A human zombie (D:7)
  A jelly (D:6)
  A bullfrog skeleton (D:6)
  4 orc priests
  6 orc wizards
  3 worker ants (D:9)
  A hound skeleton (D:7)
  A worker ant zombie (D:5)
  8 adders
  7 gnolls
  A shadow imp (D:5)
  3 oozes
  2 adder skeletons
  3 dart slugs
  5 leopard geckos
  38 orcs
  A ball python (D:6)
  4 bats
  3 giant cockroaches
  2 goblins (D:3)
  A hobgoblin (D:9)
  2 jackals (D:3)
  3 quokkas
  A ball python zombie (D:5)
  A jackal zombie (D:6)
  6 kobolds
  A leopard gecko zombie (D:6)
  2 rats
  A fungus (Lair:1)
  2 plants (Lair:1)
187 creatures vanquished.

Vanquished Creatures (collateral kills)
  A hydra (Lair:1)
  A rime drake (Lair:1)
  A water moccasin (Lair:1)
  2 crocodiles (Lair:1)
5 creatures vanquished.

Vanquished Creatures (others)
  A slave (D:6)
  A big kobold (D:7)
  2 fungi (Lair:1)
  A plant (Lair:1)
5 creatures vanquished.

Grand Total: 197 creatures vanquished

Notes
Turn   | Place    | Note
-------+----------+-------------------------------------------
     0 | D:1      | Flugslaktarn the Deep Dwarf Fighter began the quest for the
                  | Orb.
     0 | D:1      | Reached XP level 1. HP: 20/20 MP: 1/1
   129 | D:2      | Reached XP level 2. HP: 27/27 MP: 2/2
   152 | D:3      | Found a hide-covered altar of Uskayaw.
   364 | D:3      | Reached skill level 3 in Axes
   364 | D:3      | Reached XP level 3. HP: 33/33 MP: 3/3
   870 | D:4      | Reached XP level 4. HP: 30/42 MP: 4/4
   884 | D:4      | Found a hazy altar of Hepliaklqana.
  1012 | D:4      | Reached skill level 4 in Axes
  1012 | D:4      | Reached XP level 5. HP: 48/49 MP: 5/5
  1392 | D:5      | Entered Level 5 of the Dungeon
  1392 | D:5      | Noticed a sky beast
  1421 | D:5      | Killed a sky beast
  1421 | D:5      | Reached XP level 6. HP: 47/57 MP: 5/5
  1428 | D:5      | Found a radiant altar of Vehumet.
  1470 | D:5      | Found an iron altar of Okawaru.
  1470 | D:5      | Found a glowing golden altar of the Shining One.
  1477 | D:5      | Found an opulent altar of Gozag.
  1489 | D:5      | Found a staircase to the Ecumenical Temple.
  1503 | Temple   | Entered the Ecumenical Temple
  1750 | D:5      | Found an iron altar of Okawaru.
  1823 | D:5      | Found a burning altar of Makhleb.
  1880 | D:5      | Reached skill level 5 in Axes
  1970 | D:5      | Became a worshipper of Makhleb the Destroyer
  2242 | D:5      | Found Zeorghihi's Magic Scroll Shoppe.
  2244 | D:5      | Found Uschoy's Jewellery Shoppe.
  2244 | D:5      | Found Nafehuxa's Magic Scroll Shoppe.
  2247 | D:5      | Found Zaciuta's Weapon Shoppe.
  2254 | D:5      | Reached XP level 7. HP: 48/64 MP: 5/5
  2361 | D:5      | Reached skill level 5 in Shields
  2361 | D:5      | Reached skill level 1 in Invocations
  2393 | D:6      | Reached skill level 5 in Armour
  2448 | D:6      | Reached skill level 6 in Axes
  2534 | D:6      | Noticed Edmund
  2539 | D:6      | Noticed Maggie
  2563 | D:6      | Killed Maggie
  2563 | D:6      | Reached XP level 8. HP: 50/73 MP: 4/6
  2568 | D:6      | Killed Edmund
  2568 | D:6      | Reached * piety under Makhleb
  2574 | D:6      | Reached skill level 7 in Axes
  2599 | D:6      | Noticed Sigmund
  2618 | D:6      | Killed Sigmund
  2679 | D:6      | Reached skill level 5 in Fighting
  2740 | D:6      | Found a sacrificial altar of Ru.
  2797 | D:6      | Noticed Pikel
  2814 | D:6      | Killed Pikel
  2814 | D:6      | Reached skill level 8 in Axes
  2814 | D:6      | Gained mutation: You passively map the area around you.
                  | [Deep Dwarf growth]
  2814 | D:6      | Reached XP level 9. HP: 57/81 MP: 8/8
  3185 | D:7      | Reached skill level 5 in Invocations
  3453 | D:7      | Reached skill level 9 in Axes
  3816 | D:8      | Noticed a death yak
  3818 | D:8      | Noticed a death yak
  3819 | D:8      | Noticed a death yak
  3836 | D:8      | Killed a death yak
  3836 | D:8      | Reached ** piety under Makhleb
  3836 | D:8      | Reached XP level 10. HP: 63/91 MP: 10/10
  3851 | D:8      | Killed a death yak
  3851 | D:8      | Reached skill level 10 in Axes
  3863 | D:8      | Killed a death yak
  3877 | D:8      | Found a staircase to the Lair.
  3941 | D:8      | Found a shattered altar of Ashenzari.
  4172 | D:8      | Found a glowing golden altar of the Shining One.
  4265 | D:8      | Found Miob's Food Shoppe.
  4583 | D:9      | Noticed Erica
  4620 | D:9      | Killed Erica
  4676 | D:9      | Reached skill level 11 in Axes
  4728 | D:9      | Paralysed by a hornet for 3 turns
  4748 | D:9      | Found a radiant altar of Vehumet.
  4756 | D:9      | Noticed Erolcha
  4766 | D:9      | Killed Erolcha
  4766 | D:9      | Reached XP level 11. HP: 50/100 MP: 12/12
  4936 | D:9      | Reached *** piety under Makhleb
  5024 | D:9      | Found a stormy altar of Qazlal.
  5248 | D:9      | Found a staircase to the Orcish Mines.
  5580 | Lair:1   | Entered Level 1 of the Lair of Beasts
  5580 | Lair:1   | Noticed Urug
  5580 | Lair:1   | Noticed Fannar
  5616 | Lair:1   | Killed Fannar
  5626 | Lair:1   | Killed Urug
  5659 | Lair:1   | Noticed an eight-headed hydra
  5689 | Lair:1   | Killed a ten-headed hydra
  5689 | Lair:1   | Reached skill level 12 in Axes
  5821 | Lair:1   | Noticed Sonja
  5833 | Lair:1   | Killed Sonja
  5833 | Lair:1   | Succumbed to Sonja's poison

Illustrated notes

Levels and vault maps discovered:
D:1:      lightli_molten_gateway, layout_basic
D:2:      layout_basic, minmay_misc_feat_roman, minmay_misc_feat_encased,
          serial_bayou_pond_c, uniq_terence
D:3:      layout_basic, lemuel_doored_altar, nicolae_overflow_hidden_temple,
          first_ration
D:4:      layout_basic, lemuel_round_altar, chequers_jeans,
          lemuel_another_geyser
D:5:      layout_loops_cross, vehumet_crystals, grunt_gozag_statues,
          old_standard_altar, gammafunk_temple_overflow_wave,
          minmay_temple_entry_stoned_glass, chequers_serial_rivers_micro_c,
          minmay_shop_grid_forest, okawaru_ov_weapons_minmay
D:6:      layout_loops_ring, hangedman_ru_absence, uniq_pikel, uniq_sigmund,
          uniq_edmund, uniq_maggie
D:7:      layout_cave_pools, lemuel_mausoleum_altar_yredelemnul
D:8:      layout_loops_cross, evilmike_ruin_ashenzari, dpeg_lair_monsters,
          serial_shops, nicolae_shop_behind_doors, nicolae_tso_carved_into_rock
D:9:      layout_irregular_city, grunt_qazlal_sundering, erik_orc_3,
          basic_altar, uniq_erolcha, uniq_erica
Temple:   dpeg_chambers_temple
Lair:1:   layout_small_grid, cheibrodos_lair_reptile_den, uniq_sonja, uniq_urug,
          uniq_fannar

Skill      XL: |  1  2  3  4  5  6  7  8  9 10 11 |
---------------+----------------------------------+-----
Axes           | 3 4 5 6 8 9 11 12 | 12.1
Fighting       | 3 4 5 6 7 |  7.6
Shields        | 4 5 6 7 8 9 |  9.1
Armour         | 4 5 6 7 8 9 |  9.2
Invocations    | 3 4 6 8 9 |  9.1

Action                   |  1- 3 |  4- 6 |  7- 9 | 10-12 || total
-------------------------+-------+-------+-------+-------++-------
Melee: War axe           |    53 |   143 |   341 |   399 ||   936
Invok: Lesser Servant of |       |       |       |     5 ||     5
 Abil: Heal Wounds       |       |     4 |     9 |    16 ||    29
Evoke: Wand              |       |       |       |    10 ||    10
  Use: Potion            |       |       |     2 |     6 ||     8
       Scroll            |       |       |    10 |     3 ||    13
 Stab: Invisible         |       |       |       |     9 ||     9
       Distracted        |       |       |       |     1 ||     1
  Eat: Chunk             |       |     2 |    10 |     8 ||    20
       Ration            |       |     1 |       |     2 ||     3
Armor: Chain mail        |    33 |    87 |    75 |       ||   195
       Plate armour      |       |       |   157 |   293 ||   450
Dodge: Dodged            |    10 |    21 |    63 |    92 ||   186
Block: Kite shield       |    33 |    58 |   204 |   244 ||   539

Table legend:
 A = Non-vault XP
 B = Vault XP
 C = Vault XP percentage of total XP
 D = Non-vault monster count
 E = Vault monster count
 F = Vault count percentage of total count
                 A         B        C        D         E       F
            +---------+---------+-------+---------+---------+-------
      Total |    7991 |    9887 |  55.3 |     155 |      33 |  17.6
            +---------+---------+-------+---------+---------+-------
        D:2 |      15 |       0 |   0.0 |       2 |       0 |   0.0
        D:3 |      35 |       0 |   0.0 |      12 |       0 |   0.0
        D:4 |     273 |       0 |   0.0 |      21 |       0 |   0.0
        D:5 |     544 |       0 |   0.0 |      15 |       0 |   0.0
        D:6 |     810 |    1381 |  63.0 |      27 |       4 |  12.9
        D:7 |    1508 |      42 |   2.7 |      25 |       1 |   3.8
        D:8 |    1469 |    2651 |  64.3 |      20 |       5 |  20.0
        D:9 |    2277 |    2537 |  52.7 |      28 |      18 |  39.1
     Lair:1 |    1060 |    3276 |  75.6 |       5 |       5 |  50.0
            +---------+---------+-------+---------+---------+-------
